AoeStats
← BlackKanon07

Oasis

508708678Analyzed
4v4 RM · 9d ago on Sep 23, 2026· 53m 30s· 8 players
Game mode
Random Map
Map size
Large (8 player)
Population
200
Speed
Normal
Resources
Standard
Victory
Conquest
Starting age
Dark Age
Ending age
Imperial Age
RankedLock teamsTeams togetherTeam positionsShared explorationLock speedFull tech treeHidden civsTurbo modeCheats
Victory
Defeat
🇩🇪 Mongols · Germany
1068
+10
🇨🇭 Inca · Switzerland
985
+13
🇨🇳 Huns · China
967
+14
🇩🇪 Khmer · Germany
888
+17
🇺🇸 Huns · United States
950
-15
🇨🇱 Magyars · Chile
935
-14
🇩🇪 Britons · Germany
906
-13
🇪🇸 Armenians · Spain
893
-12
Dsaidm
4:31 Loom
10:14 Feudal Age
11:06 Feudal Age
18:34 Castle Age
17:09 Double-Bit Axe
17:05 Horse Collar
20:40 Bow Saw
20:31 Heavy Plow
27:20 Wheelbarrow
29:01 Hand Cart
78!SATTACk08
11:14 Feudal Age
16:37 Castle Age
15:04 Double-Bit Axe
15:54 Fletching
17:45 Bodkin Arrow
22:25 Horse Collar
25:10 Padded Archer Armor
25:01 Loom
28:21 Imperial Age
28:08 Gold Mining
28:35 Bow Saw
29:47 Bracer
30:38 Ballistics
30:43 Leather Archer Armor
31:49 Bloodlines
31:40 Husbandry
31:07 Capped Ram
33:01 Gold Shaft Mining
32:19 Stone Mining
32:58 Clinker Construction
32:58 Careening
33:53 Chemistry
33:37 Parthian Tactics
33:27 Heavy Cavalry Archer
34:27 Siege Ram
35:44 Thumb Ring
36:22 Parthian Tactics
revientamuros
0:37 Loom
12:14 Feudal Age
14:49 Town Watch
14:58 Gold Mining
14:53 Double-Bit Axe
17:03 Wheelbarrow
20:11 Castle Age
18:20 Horse Collar
21:31 Squires
21:46 Heavy Plow
22:00 Bow Saw
21:41 Stone Mining
22:50 Fervor
23:01 Sanctity
24:16 Scale Mail Armor
24:27 Forging
24:27 Fletching
25:01 Pikeman
27:24 Chain Mail Armor
27:32 Treadmill Crane
29:33 Halberdier
34:48 Hand Cart
35:14 Iron Casting
36:14 Gold Shaft Mining
BlackKanon07
12:11 Feudal Age
12:23 Loom
15:59 Castle Age
14:06 Fletching
14:12 Double-Bit Axe
16:02 Crossbowman
23:44 Wheelbarrow
23:38 Town Watch
28:35 Ballistics
28:13 Bodkin Arrow
28:22 Padded Archer Armor
29:20 Hand Cart
29:10 Horse Collar
29:41 Bow Saw
35:11 Imperial Age
33:52 Leather Archer Armor
34:09 Town Patrol
34:48 Yeomen
35:00 Gold Mining
35:01 Stone Mining
Stanis_Baratheon
12:13 Feudal Age
15:21 Double-Bit Axe
19:27 Castle Age
17:36 Horse Collar
22:05 Bow Saw
22:23 Forging
22:40 Stone Mining
29:25 Gold Mining
35:53 Fletching
42:08 Imperial Age
40:21 Wheelbarrow
39:47 Town Watch
39:49 Loom
40:16 Scale Barding Armor
40:47 Iron Casting
40:08 Bodkin Arrow
40:15 Padded Archer Armor
40:36 Town Patrol
41:19 Stone Shaft Mining
41:22 Gold Shaft Mining
40:59 Heavy Plow
41:21 Hand Cart
41:17 Husbandry
41:28 Bloodlines
40:39 Light Cavalry
41:42 Chain Barding Armor
42:37 Heavy Scorpion
46:11 Hussar
49:09 Plate Barding Armor
49:35 Blast Furnace
49:16 Hussar
52:44 Chemistry
大器天成
11:05 Feudal Age
16:03 Castle Age
14:42 Double-Bit Axe
14:40 Horse Collar
25:44 Marauders
26:53 Heavy Plow
28:57 Wheelbarrow
32:47 Imperial Age
31:00 Gold Mining
31:25 Bow Saw
31:34 Forging
31:59 Hand Cart
33:11 Gold Shaft Mining
32:54 Bloodlines
32:44 Husbandry
33:21 Elite Tarkan
34:22 Conscription
34:40 Iron Casting
34:11 Scale Barding Armor
36:22 Blast Furnace
35:47 Caravan
36:31 Chain Barding Armor
38:10 Light Cavalry
40:18 Plate Barding Armor
39:24 Hussar
44:21 Cavalier
52:11 Two-Man Saw
ALDANDRONAN
1:10 Loom
11:42 Feudal Age
12:40 Town Watch
16:02 Double-Bit Axe
19:25 Castle Age
17:53 Horse Collar
19:00 Gold Mining
19:03 Stone Mining
27:38 Wheelbarrow
31:11 Imperial Age
30:36 Caravan
31:36 Bow Saw
31:29 Heavy Plow
31:51 Hand Cart
31:35 Fletching
31:56 Forging
31:46 Scale Mail Armor
31:47 Padded Archer Armor
32:18 Masonry
32:19 Fortified Wall
33:19 Gold Shaft Mining
33:22 Stone Shaft Mining
33:43 Crop Rotation
34:06 Conscription
33:51 Bodkin Arrow
34:32 Iron Casting
33:45 Arson
34:00 Squires
35:16 Chain Mail Armor
35:37 Andean Sling
36:32 Siege Engineers
36:09 Treadmill Crane
37:08 Murder Holes
38:14 Chemistry
37:35 Ballistics
38:26 Plate Mail Armor
38:56 Blast Furnace
38:13 Fabric Shields
39:03 Hoardings
germaniarturos
10:03 Feudal Age
14:34 Castle Age
19:38 Double-Bit Axe
20:18 Horse Collar
23:02 Loom
23:51 Bow Saw
23:48 Heavy Plow
23:50 Gold Mining
23:57 Stone Mining
25:32 Elite Skirmisher
26:13 Fletching
26:24 Padded Archer Armor
30:20 Imperial Age
28:27 Gold Shaft Mining
28:47 Wheelbarrow
27:58 Town Watch
28:44 Thumb Ring
29:13 Bodkin Arrow
29:33 Leather Archer Armor
29:54 Ballistics
30:59 Stone Shaft Mining
30:44 Hand Cart
30:29 Town Patrol
31:02 Bracer
31:13 Forging
32:18 Chemistry
32:20 Parthian Tactics
33:05 Conscription
33:16 Onager
33:38 Heavy Cavalry Archer
36:40 Iron Casting
36:11 Scale Barding Armor
37:25 Drill
39:53 Chain Barding Armor
40:34 Blast Furnace
39:54 Bloodlines
39:45 Husbandry
39:07 Heavy Camel Rider
39:09 Elite Steppe Lancer
49:14 Elite Mangudai
51:30 Hoardings
Connection lost

Rejoining the realm…

Still unreachable

The connection could not be restored.

Session expired

The server has moved on; the page needs a fresh start.